 Dungeon Crawl Stone Soup version 0.31-a0-16-g6d2539766c (webtiles) character file.

Game seed: 3448834554491353248

326 ytrimaz the Slasher (level 6, 0/43 HPs)
             Began as a Djinni Warper on May 8, 2023.
             Slain by an ufetubus (2 damage)
             ... on level 5 of the Dungeon.
             The game lasted 00:07:20 (4233 turns).

ytrimaz the Slasher (Djinni Warper)                 Turns: 4233, Time: 00:07:20

Health: 0/43       AC:  3    Str: 10    XL:     6   Next: 79%
Gold:   112        EV: 11    Int: 16    God:
                   SH:  0    Dex: 13

rFire   + + .        a - +0 falchion
rCold   x . .        (no shield)
rNeg    . . .        b - +0 leather armour
rPois   ∞            (no helmet)
rElec   .            (no cloak)
rCorr   .            (no gloves)
SInv    .            (boots unavailable)
Will    .....        e - amulet of the acrobat
Stlth   +            (no ring)
HPRegen 0.27/turn    (no ring)
MPRegen 0.00/turn

%: acrobat, infuse magic (-1 HP)
@: flying
A: sickness immunity, fire resistance 2, cold vulnerability 1, float, innate
caster, HP casting, extra vitality 1
a: no special abilities


You were on level 5 of the Dungeon.
You visited 1 branch of the dungeon, and saw 5 of its levels.

You collected 192 gold pieces.
You spent 80 gold pieces at shops.


Innate Abilities, Weirdness & Mutations

You are immune to sickness and miasma.
You are immune to poison.
Your flesh is very heat resistant. (rF++)
You are vulnerable to cold. (rC-)
You float through the air rather than walking.
You learn spells naturally, not from books.
Your magical power is your life essence.
You have superior vitality. (+4 MHP)


   Skills:
 - Level 2.0 Fighting
 + Level 4.4 Long Blades
 - Level 0.7 Throwing
 - Level 1.0 Armour
 - Level 2.2 Dodging
 + Level 4.2 Spellcasting


You knew the following spells:

 Your Spells              Type           Power      Damage    Failure   Level
a - Blink                 Tloc           32%        N/A       6%          2
b - Lesser Beckoning      Tloc           32%        N/A       6%          2
c - Vhi's Electric Charg  Tloc/Air       32%        N/A       12%         3
d - Teleport Other        Tloc           16%        N/A       12%         3
e - Manifold Assault      Tloc           16%        N/A       36%         4
f - Freeze                Ice            64%        1d7       4%          1
g - Call Imp              Summ           32%        N/A       6%          2
Your spell library was empty.

Inventory:

Hand Weapons
 a - a +0 falchion (weapon)
Missiles
 p - 4 boomerangs (quivered)
Armour
 b - a +0 leather armour (worn)
 d - a +2 kite shield
   (You found it on level 5 of the Dungeon)
 o - a +0 tower shield
   (You found it on level 3 of the Dungeon)
Jewellery
 e - an amulet of the acrobat (around neck)
   (You found it on level 3 of the Dungeon)
Scrolls
 c - a scroll of blinking
 i - a scroll of teleportation
 j - a scroll of noise {unknown}
Potions
 f - a potion of brilliance {unknown}
 h - a potion of resistance
 l - 2 potions of mutation
 m - a potion of attraction
 n - a potion of might

Dungeon Overview and Level Annotations

Branches:
Dungeon (5/15) Zot: 25725
 Temple: D:4-7

Altars:
Dithmenos
Ru
The Shining One

Shops:
D:4

[*[ ........#
........#
....(...#
........#####
............#
........#.#.####
........5......#
......5@#.#..#
............##
.......##...###
..##### ###...#
# #..## #..#
#.## #.### #...#


You could see an ufetubus (ally target) and a friendly cerulean imp (summoned).


Message History

You take 1 damage, and now have 42/43 hp.
You closely miss the ufetubus. The ufetubus barely misses you. x2
The ufetubus closely misses you.
The ufetubus hits you but does no damage.
You closely miss the ufetubus. The ufetubus barely misses you.
The ufetubus misses you. 😎 HP[+1]
Your hp is fully restored (43).
You hit the ufetubus. The ufetubus hits you. The ufetubus closely misses you.
The ufetubus hits you.
The ufetubus hits you but does no damage. 😕 HP[-3]
You take 3 damage, and now have 40/43 hp.
You barely miss the ufetubus. The ufetubus hits you. x2 😮 HP[-8]
You take 8 damage, and now have 32/43 hp.
You are too injured to fight recklessly!
You are too injured to fight recklessly!
You are too injured to fight recklessly!
You are too injured to fight recklessly!
You are too injured to fight recklessly!
An ufetubus is nearby!
You barely miss the ufetubus. The ufetubus hits you.
The ufetubus closely misses you. x2; The ufetubus hits you. 😮 HP[-4]
You take 4 damage, and now have 28/43 hp.
Unknown command.
You are too injured to fight recklessly!
You closely miss the ufetubus. The ufetubus barely misses you.
The ufetubus closely misses you. The ufetubus hits you.
The ufetubus barely misses you. 😮 HP[-4]
You take 4 damage, and now have 24/43 hp.
You barely miss the ufetubus. The ufetubus closely misses you.
The ufetubus hits you.
* * * LOW HITPOINT WARNING * * *
😨 HP[-4]
You take 4 damage, and now have 20/43 hp.
You are too injured to fight recklessly!
You completely miss the ufetubus. The ufetubus closely misses you.
The ufetubus barely misses you. The ufetubus closely misses you.
The ufetubus hits you.
* * * LOW HITPOINT WARNING * * *
😨 HP[-1]
You take 1 damage, and now have 19/43 hp.
You miss the ufetubus. The ufetubus misses you. The ufetubus hits you.
* * * LOW HITPOINT WARNING * * *
😨 HP[-1]
You take 1 damage, and now have 18/43 hp.
You barely miss the ufetubus. The ufetubus misses you. x2
The ufetubus closely misses you. The ufetubus hits you.
* * * LOW HITPOINT WARNING * * *
😨 HP[-2]
You take 2 damage, and now have 16/43 hp.
You barely miss the ufetubus.
The ufetubus hits you but does no damage.
The ufetubus closely misses you. x2; The ufetubus hits you.
* * * LOW HITPOINT WARNING * * *
😨 HP[-1]
You take 1 damage, and now have 15/43 hp.
You hit the ufetubus but do no damage.
The ufetubus barely misses you. x2 😨 HP[+1]
You miss the ufetubus. The ufetubus completely misses you.
The ufetubus barely misses you. The ufetubus misses you. The ufetubus hits you.
* * * LOW HITPOINT WARNING * * *
😨 HP[-3]
You take 3 damage, and now have 13/43 hp.
Casting: Call Imp (safe; 6% risk of failure)
Confirm with . or Enter, or press ? or * to list all spells.
A tiny devil pulls itself out of the air.
* * * LOW HITPOINT WARNING * * *
The ufetubus hits you.
* * * LOW HITPOINT WARNING * * *
The ufetubus misses you. 😱 HP[-3]
You take 3 damage, and now have 10/43 hp.
Unknown command.
You closely miss the ufetubus. The ufetubus hits you.
* * * LOW HITPOINT WARNING * * *
The ufetubus hits you but does no damage.
The ufetubus hits you.
* * * LOW HITPOINT WARNING * * *
The ufetubus hits you but does no damage. 😱 HP[-5]
You take 5 damage, and now have 5/43 hp.
You hit the ufetubus but do no damage. The ufetubus closely misses you.
The ufetubus hits you.
* * * LOW HITPOINT WARNING * * *
Your cerulean imp hits the ufetubus but does no damage.
The ufetubus barely misses you.
The ufetubus hits you but does no damage. 😱 HP[-2]
You take 2 damage, and now have 3/43 hp.
You barely miss the ufetubus. The ufetubus hits you.
* * * LOW HITPOINT WARNING * * *
The ufetubus closely misses you.
Your cerulean imp misses the ufetubus. 😱 HP[-1]
You take 1 damage, and now have 2/43 hp.
You hit the ufetubus. The ufetubus hits you.
You die...

Skill      XL: |  1  2  3  4  5  6 |
---------------+-------------------+-----
Long Blades    | 2 3 4 |  4.4
Spellcasting   | 3 4 |  4.2
Fighting       | |  2.0
Throwing       | |  0.7
Armour         | |  1.0
Dodging        | |  2.2

Action                     |  1- 3 |  4- 6 || total
---------------------------+-------+-------++-------
  Melee: Falchion          |    85 |   163 ||   248
         Punch             |     1 |     1 ||     2
  Throw: Boomerang         |     2 |     9 ||    11
   Cast: Freeze            |     3 |     1 ||     4
         Call Imp          |       |     9 ||     9
         Vhi's Electric Ch |       |     1 ||     1
    Use: Scroll            |       |    10 ||    10
         Potion            |       |     3 ||     3
   Stab: Distracted        |       |     1 ||     1
 Armour: Leather armour    |    34 |    39 ||    73
         Skin              |       |    10 ||    10
  Dodge: Dodged            |    76 |   137 ||   213

Levels and vault maps discovered:
D:1:      dpeg_arrival_shrine, layout_basic, roderic_three_in_a_row
D:2:      layout_loops_cross, shapermc_ecumenical_altar_mp_urbaneastern,
          columned_hall_lemuel, nicolae_figureground_pulse
D:3:      layout_rooms, grunt_dithmenos_smoke_and_mirrors, nrook_uturn
D:4:      layout_loops_corners, nicolae_tso_swordbearing_angel,
          nicolae_ru_the_path_less_chosen, serial_shops, kennysheep_mini_moat,
          shop, shop
D:5:      layout_cave_pods, mainiacjoe_overflow_paths,
          nicolae_overflow_hidden_temple, serial_glass, glass_columns_a,
          glass_columns_a, grunt_decor_arrowhead, kennysheep_diamond,
          grunt_decor_junction, kennysheep_generic_room_8

Notes
Turn   | Place    | Note
-------+----------+-------------------------------------------
     0 | D:1      | ytrimaz the Djinni Warper began the quest for the Orb.
     0 | D:1      | ytrimaz set off with the following spells memorised: Blink,
                  | Lesser Beckoning, Vhi's Electric Charge, Teleport Other,
                  | Manifold Assault.
     0 | D:1      | Reached XP level 1. HP: 18/18 MP: 0/0
     0 | D:1      | magus.rc [v1.9.6]
   151 | D:1      | HP: 4/18 [goblin/+0 club (2)]
   156 | D:1      | Reached skill level 2 in Long Blades
   247 | D:1      | Reached XP level 2. HP: 23/23 MP: 0/0
   565 | D:1      | You are sucked into a shaft and drop 1 floor!
  1032 | D:2      | Reached XP level 3. HP: 22/28 MP: 0/0
  1032 | D:2      | Learned a level 1 spell: Freeze
  1066 | D:2      | Found a faded altar of an unknown god.
  1214 | D:2      | Reached skill level 3 in Spellcasting
  1314 | D:2      | Reached XP level 4. HP: 31/33 MP: 0/0
  1995 | D:3      | Reached skill level 3 in Long Blades
  2015 | D:3      | Found a shadowy altar of Dithmenos.
  2442 | D:4      | Found a sacrificial altar of Ru.
  2464 | D:4      | Found Goul's Antique Armour Emporium.
  2958 | D:4      | Found a glowing golden altar of the Shining One.
  3134 | D:4      | Found Juawkops's Armour Shop.
  3172 | D:4      | Found Puehoegre's General Store.
  3175 | D:4      | Bought a potion of mutation for 80 gold pieces
  3248 | D:4      | Reached XP level 5. HP: 17/38 MP: 0/0
  3248 | D:4      | Learned a level 2 spell: Call Imp
  3257 | D:4      | HP: 6/38 [orc/+0 hand axe (4)]
  3258 | D:4      | HP: 1/38 [orc/+0 hand axe (6)]
  3260 | D:4      | magus.rc [v1.9.6]
  3264 | D:4      | HP: 8/38 [something (2)]
  3271 | D:4      | HP: 9/38 [cerulean imp/-3 spear[the player character] (1)]
  3275 | D:4      | HP: 1/38 [something/magic dart (7)]
  3459 | D:4      | HP: 2/38 [something/magic dart (8)]
  3736 | D:5      | Entered Level 5 of the Dungeon
  3736 | D:5      | Noticed a yak
  3736 | D:5      | Noticed a yak
  3736 | D:5      | Noticed a yak
  3737 | D:5      | Noticed a yak
  3822 | D:5      | HP: 8/38 [scorpion (7)]
  3824 | D:5      | HP: 1/38 [scorpion (6)]
  3827 | D:5      | Reached skill level 4 in Long Blades
  3827 | D:5      | Reached XP level 6. HP: 2/43 MP: 0/0
  3838 | D:5      | Noticed an ice beast
  4003 | D:5      | Reached skill level 4 in Spellcasting
  4229 | D:5      | HP: 10/43 [ufetubus (1)]
  4231 | D:5      | HP: 3/43 [ufetubus (3)]
  4233 | D:5      | Slain by an ufetubus

Vanquished Creatures
  2 scorpions (D:5)
  An orc wizard (D:4)
  5 adders
  A worm (D:2)
  5 orcs
  3 bats (D:2)
  4 endoplasms
  4 giant cockroaches
  7 goblins
  2 hobgoblins
  8 kobolds
  A quokka (D:2)
  6 ball pythons
  3 frilled lizards (D:1)
  4 rats
56 creatures vanquished.

Vanquished Creatures (collateral kills)
  A scorpion (D:5)
  An orc wizard (D:5)
  A quokka (D:5)
3 creatures vanquished.

Grand Total: 59 creatures vanquished

Table legend:
 A = Non-vault XP
 B = Vault XP
 C = Vault XP percentage of total XP
 D = Non-vault monster count
 E = Vault monster count
 F = Vault count percentage of total count
                 A         B        C        D         E       F
            +---------+---------+-------+---------+---------+-------
      Total |     419 |      48 |  10.3 |      57 |       2 |   3.4
            +---------+---------+-------+---------+---------+-------
        D:1 |      21 |       0 |   0.0 |      14 |       0 |   0.0
        D:2 |      53 |       0 |   0.0 |      16 |       0 |   0.0
        D:3 |      32 |       0 |   0.0 |      10 |       0 |   0.0
        D:4 |      72 |       0 |   0.0 |      13 |       0 |   0.0
        D:5 |     241 |      48 |  16.6 |       4 |       2 |  33.3
            +---------+---------+-------+---------+---------+-------

Skill      XL: |  1  2  3  4  5  6 |
---------------+-------------------+-----
Long Blades    | 2 3 4 |  4.4
Spellcasting   | 3 4 |  4.2
Fighting       | |  2.0
Throwing       | |  0.7
Armour         | |  1.0
Dodging        | |  2.2

Action                     |  1- 3 |  4- 6 || total
---------------------------+-------+-------++-------
  Melee: Falchion          |    85 |   163 ||   248
         Punch             |     1 |     1 ||     2
  Throw: Boomerang         |     2 |     9 ||    11
   Cast: Freeze            |     3 |     1 ||     4
         Call Imp          |       |     9 ||     9
         Vhi's Electric Ch |       |     1 ||     1
    Use: Scroll            |       |    10 ||    10
         Potion            |       |     3 ||     3
   Stab: Distracted        |       |     1 ||     1
 Armour: Leather armour    |    34 |    39 ||    73
         Skin              |       |    10 ||    10
  Dodge: Dodged            |    76 |   137 ||   213

Illustrated notes

Table legend:
 A = Kills in this place as a percentage of kills in the entire game.
 B = Kills by you in this place as a percentage of kills by you in the entire game.
 C = Kills by friends in this place as a percentage of kills by friends in the entire game.
 D = Other kills in this place as a percentage of other kills in the entire game.
 E = Experience gained in this place as a percentage of experience gained in the entire game.
 F = Experience gained in this place divided by the number of levels of this place that you have seen.
                   A       B       C       D       E      F
               +-------+-------+-------+-------+-------+----------------------
         Total | 100.0 | 100.0 | 100.0 |   N/A | 100.0 |  93.4
       Dungeon | 100.0 | 100.0 | 100.0 |   N/A | 100.0 |  93.4
               +-------+-------+-------+-------+-------+----------------------

Table legend: (Time is in decaauts)
 A = Elapsed time spent in this place.
 B = Non-inter-level travel time spent in this place.
 C = Inter-level travel time spent in this place.
 D = Time resting spent in this place.
 E = Time spent auto-exploring this place.
 F = Levels seen in this place.
 G = Mean time per level.
                   A        B        C        D        E       F      G
               +--------+--------+--------+--------+--------+-----+--------+
         Total |   4273 |   4079 |    194 |    291 |   3082 |   5 |  854.6 |
       Dungeon |   4273 |   4079 |    194 |    291 |   3082 |   5 |  854.6 |
               +--------+--------+--------+--------+--------+-----+--------+

Top non-repeatable levels by time:
     D:4: 1525 daAuts
     D:1: 938 daAuts
     D:2: 815 daAuts
     D:3: 681 daAuts
     D:5: 312 daAuts
